 Dungeon Crawl Stone Soup version 0.19-a0-1821-g42c593c (webtiles) character file.

157 KarmaPolice the Slasher (level 5, -2/36 HPs)
             Began as a High Elf Skald on Oct 6, 2016.
             Killed by divine providence
             ... invoked by an orc priest
              (14 damage)
             ... on level 5 of the Dungeon.
             The game lasted 00:06:51 (3828 turns).

KarmaPolice the Slasher (High Elf Skald)            Turns: 3828, Time: 00:06:52

Health: -2/36      AC:  3    Str: 12    XL:     5   Next: 15%
Magic:  9/9        EV: 13    Int: 15    God:
Gold:   156        SH:  0    Dex: 15    Spells: 2 memorised, 5 levels left

rFire  . . .     SeeInvis .     z - +2 dagger (pain)
rCold  . . .     Gourm    .     b - +0 leather armour
rNeg   . . .     Faith    .     (no shield)
rPois  .         Spirit   .     y - -1 helmet (curse)
rElec  .         Dismiss  .     (no cloak)
rCorr  .         Reflect  .     (no gloves)
MR     .....     Harm     .     (no boots)
Stlth  +.........               (no amulet)
                                (no ring)
                                (no ring)

@: no status effects
A: evolution 1
a: no special abilities


You were on level 5 of the Dungeon.
You were very hungry.

You visited 1 branch of the dungeon, and saw 5 of its levels.

You collected 156 gold pieces.

Inventory:

Hand Weapons
 a - a +0 falchion
 z - a +2 dagger of pain (weapon)
Missiles
 u - a throwing net (quivered)
 w - 60 arrows
Armour
 b - a +0 leather armour (worn)
 y - a cursed -1 helmet (worn)
Jewellery
 h - a +5 amulet of reflection {unknown}
 D - an uncursed ring of see invisible {unknown}
Wands
 B - a wand of enslavement (11/24)
 C - a wand of digging (10/24)
Scrolls
 f - 3 scrolls of identify
 i - a scroll of magic mapping {unknown}
 m - 2 scrolls of immolation {unknown}
 o - a scroll of enchant armour {unknown}
 p - 4 scrolls of amnesia {unknown}
 q - a scroll of noise {unknown}
 s - 3 scrolls of remove curse {unknown}
 x - a scroll of fog {unknown}
Potions
 e - a potion of agility
 l - a potion of resistance {unknown}
 n - a potion of lignification {unknown}
 r - a potion of might {unknown}
 t - a potion of haste {unknown}
 A - a potion of mutation {unknown}
Books
 c - a book of Battle

   Spells                             Type                      Level
   a - Infusion                       Charms                       1
   b - Shroud of Golubria             Charms/Translocation         2
   c - Song of Slaying                Charms                       2
   d - Spectral Weapon                Hexes/Charms                 3
   e - Regeneration                   Charms/Necromancy            3
Comestibles
 d - 4 bread rations
 k - 4 meat rations
 v - a beef jerky


   Skills:
 + Level 3.2 Fighting
 + Level 4.3 Long Blades
 - Level 0.8 Armour
 + Level 3.4 Dodging
 - Level 2.4 Spellcasting
 - Level 3.6 Charms


You had 5 spell levels left.
You knew the following spells:

 Your Spells              Type           Power        Failure   Level  Hunger
a - Infusion              Chrm           ##..         8%          1    #......
b - Shroud of Golubria    Chrm/Tloc      #.........   24%         2    ###....


Dungeon Overview and Level Annotations

Branches:
Dungeon (5/15)
 Temple: D:4-7

Altars:
Dithmenos
Kikubaaqudgha
Nemelex Xobeh
Xom


Innate Abilities, Weirdness & Mutations

You evolve.


Message History

Your orc priest invokes the aid of Beogh against the orc.
The orc writhes in agony!
The orc dies!
Unknown command.
There is a stone staircase leading down here.
You climb downwards.
There is a stone staircase leading up here.
You climb upwards.
There is a stone staircase leading down here.
You climb downwards.
There is a stone staircase leading up here.
You swap places.
You swap places.
The orc priest is no longer charmed.
The orc priest invokes the aid of Beogh against you.
Pain shoots through your body!
Your orc wizard closely misses the orc priest.
The orc priest mumbles some strange prayers to Beogh against you.
Beogh smites you!
You die...

#....+
#....#
#....#
#....#
#....#
#..oo#
#...##
#...#
#.@.#
#...+
#...#
#..<#
#...#
#...#
#....
#....#
#....+


You could see an orc priest and a friendly orc wizard.

Vanquished Creatures
  Jessica (D:2)
  4 gnolls (D:2)
  An adder (D:2)
  3 worms
  A dart slug (D:1)
  3 leopard geckos
  4 giant cockroaches
  9 goblins
  2 hobgoblins
  2 jackals (D:1)
  2 kobolds
  5 quokkas
  7 bats
  4 frilled lizards
  4 rats
52 creatures vanquished.

Vanquished Creatures (collateral kills)
  An orc wizard (D:4)
  2 orcs (D:4)
3 creatures vanquished.

Grand Total: 55 creatures vanquished

Notes
Turn   | Place    | Note
-------+----------+-------------------------------------------
     0 | D:1      | KarmaPolice the High Elf Skald began the quest for the Orb.
     0 | D:1      | Reached XP level 1. HP: 14/14 MP: 4/4
   355 | D:1      | Reached XP level 2. HP: 19/19 MP: 6/6
   399 | D:1      | Learned a level 2 spell: Shroud of Golubria
  1055 | D:2      | Found a sparkling altar of Nemelex Xobeh.
  1062 | D:2      | Reached skill level 3 in Long Blades
  1194 | D:2      | Reached XP level 3. HP: 25/25 MP: 7/7
  1196 | D:2      | Found a shimmering altar of Xom.
  1377 | D:2      | Found a faded altar of an unknown god.
  1379 | D:2      | Noticed Jessica
  1392 | D:2      | Killed Jessica
  2003 | D:2      | Reached XP level 4. HP: 22/30 MP: 8/8
  2233 | D:2      | Reached skill level 4 in Long Blades
  2911 | D:3      | Found a shadowy altar of Dithmenos.
  3223 | D:3      | Found an ancient bone altar of Kikubaaqudgha.
  3602 | D:4      | Reached XP level 5. HP: 34/36 MP: 9/9
  3800 | D:4      | Gained mutation: You evolve. [potion of beneficial mutation]
  3800 | D:4      | HP: 1/36 [orc wizard/magic dart (4)]
  3815 | D:5      | Entered Level 5 of the Dungeon
  3828 | D:5      | Killed from afar by an orc priest

Vault maps used:
D:1:      dpeg_arrival_rhombus
D:2:      nemelex_xobeh_ov_fountains_minmay, xom_teletrap_fun,
          ecumenical_altar_1, first_bread, uniq_jessica
D:3:      lemuel_round_altar, grunt_dithmenos_smoke_and_mirrors,
          minmay_crystal_water, feat_on_display
D:5:      overflow_temple_1_default, grunt_ministairs_2, minivault_23

Skill      XL: |  1  2  3  4 |
---------------+-------------+-----
Dodging        | 2 3 |  3.4
Long Blades    | 3 4 |  4.3
Fighting       | 3 |  3.2
Armour         | |  0.8
Spellcasting   | |  2.4
Charms         | |  3.6

Action                   |  1- 3 |  4- 6 || total
-------------------------+-------+-------++-------
Melee: Falchion          |   101 |    45 ||   146
       Dagger            |       |    36 ||    36
 Cast: Infusion          |     1 |     4 ||     5
       Shroud of Golubri |     1 |     1 ||     2
Evoke: Wand              |       |     2 ||     2
  Use: Potion            |       |     2 ||     2
       Scroll            |       |     1 ||     1
  Eat: Chunk             |     3 |     5 ||     8
Armor: Leather armour    |    30 |    11 ||    41
Dodge: Dodged            |    64 |    75 ||   139
       Rpst.: Falchion   |    27 |    16 ||    43
